AoeStats
← Blyad _Mann

Arena

510139447Analyzed
4v4 RM · 2d ago on Sep 29, 2026· 90m 29s· 8 players
Game mode
Random Map
Map size
Large (8 player)
Population
200
Speed
Normal
Resources
Standard
Victory
Conquest
Starting age
Dark Age
Ending age
Imperial Age
RankedLock teamsTeams togetherTeam positionsShared explorationLock speedFull tech treeHidden civsTurbo modeCheats
Victory
Defeat
🇬🇧 Bohemians · United Kingdom
975
+19
🇷🇴 Malay · Romania
966
+19
🇳🇱 Varangians · Netherlands
937
+20
🇪🇸 Wei · Spain
925
+22
🇮🇳 Britons · India
1043
-20
🇮🇳 Hindustanis · India
1037
-20
🇮🇳 Ethiopians · India
1036
-20
🇮🇳 Franks · India
1035
-20
Blyad _Mann
0:26 Loom
12:02 Feudal Age
12:29 Horse Collar
12:37 Double-Bit Axe
17:36 Castle Age
15:52 Gold Mining
17:28 Stone Mining
19:00 Wheelbarrow
26:20 Hand Cart
27:00 Forging
26:50 Scale Mail Armor
27:13 Heavy Plow
30:53 Imperial Age
28:44 Bow Saw
29:20 Squires
29:05 Arson
29:05 Gambesons
30:37 Forging
30:27 Scale Mail Armor
30:58 Gothikon
31:00 Elite Varangian Guard
32:22 Iron Casting
32:39 Chain Mail Armor
32:53 Guilds
33:15 Conscription
34:31 Blast Furnace
35:58 Scale Barding Armor
36:26 Plate Mail Armor
36:04 Scale Barding Armor
40:09 Vendel Legacy
41:30 Chain Barding Armor
40:40 Cavalier
41:20 Husbandry
41:31 Bloodlines
43:25 Plate Barding Armor
43:24 Crop Rotation
62:18 Caravan
68:23 Light Cavalry
69:13 Hussar
-Slipstream/Matt
5:16 Loom
10:16 Feudal Age
10:47 Double-Bit Axe
10:58 Horse Collar
16:43 Castle Age
18:46 Heavy Plow
19:53 Wheelbarrow
24:10 Hand Cart
24:36 Bow Saw
25:17 Forging
25:15 Scale Mail Armor
26:41 Town Watch
29:19 Iron Casting
29:00 Chain Mail Armor
33:38 Imperial Age
31:05 Pikeman
31:46 Squires
31:33 Arson
32:28 Town Patrol
32:52 Wagenburg Tactics
35:27 Blast Furnace
34:57 Plate Mail Armor
35:12 Conscription
35:00 Hussite Reforms
37:02 Chemistry
36:09 Siege Engineers
36:00 Murder Holes
36:26 Ballistics
37:31 Two-Man Saw
36:49 Halberdier
37:33 Houfnice
38:48 Fletching
39:27 Fervor
39:38 Block Printing
39:49 Illumination
41:40 Fletching
41:51 Padded Archer Armor
67:39 Caravan
84:50 Sanctity
civonachi
4:17 Loom
10:46 Feudal Age
15:54 Castle Age
14:01 Double-Bit Axe
14:02 Horse Collar
22:47 Stone Mining
23:56 Gold Mining
26:10 Heavy Plow
27:28 Bloodlines
27:19 Husbandry
28:03 Tuntian
28:53 Scale Barding Armor
28:59 Forging
35:47 Imperial Age
34:14 Fortified Wall
34:27 Ballistics
36:36 Gold Shaft Mining
35:55 Heavy Hei Guang Cavalry
37:05 Chain Barding Armor
37:21 Iron Casting
36:18 Light Cavalry
37:44 Hussar
41:03 Blast Furnace
41:36 Fletching
45:52 Wheelbarrow
45:42 Bodkin Arrow
Valahul
2:46 Loom
10:56 Feudal Age
11:20 Wheelbarrow
18:06 Castle Age
18:30 Hand Cart
18:32 Double-Bit Axe
23:37 Horse Collar
24:12 Bow Saw
25:14 Heavy Plow
26:25 Gold Mining
26:52 Stone Mining
29:56 Scale Barding Armor
30:03 Forging
32:47 Imperial Age
32:59 Iron Casting
32:50 Conscription
31:54 Elite Battle Elephant
32:52 Husbandry
33:39 Gold Shaft Mining
33:37 Crop Rotation
36:04 Blast Furnace
41:25 Man-at-Arms
42:08 Squires
41:54 Arson
43:26 Long Swordsman
43:29 Pikeman
44:13 Forced Levy
44:44 Two-Handed Swordsman
46:53 Halberdier
79:13 Light Cavalry
GuptasLegacy
10:46 Feudal Age
11:26 Double-Bit Axe
11:22 Horse Collar
19:03 Castle Age
20:24 Heavy Plow
20:35 Bow Saw
20:18 Gold Mining
24:54 Scale Mail Armor
25:20 Forging
26:15 Chain Mail Armor
29:41 Gold Shaft Mining
29:19 Royal Heirs
30:41 Iron Casting
33:13 Imperial Age
30:31 Town Watch
31:45 Wheelbarrow
31:33 Town Watch
31:37 Loom
32:33 Fletching
32:47 Stone Mining
34:10 Hand Cart
33:57 Town Patrol
34:27 Conscription
33:31 Elite Shotel Warrior
40:23 Plate Mail Armor
40:54 Blast Furnace
41:36 Halberdier
45:15 Squires
45:01 Arson
45:37 Bodkin Arrow
45:47 Capped Ram
47:18 Siege Ram
48:01 Torsion Engines
55:01 Man-at-Arms
56:30 Long Swordsman
56:48 Heavy Scorpion
62:20 Two-Handed Swordsman
Shanu
10:30 Feudal Age
10:53 Horse Collar
13:09 Loom
16:06 Castle Age
14:43 Double-Bit Axe
17:23 Heavy Plow
24:08 Wheelbarrow
24:00 Town Watch
27:00 Bow Saw
26:55 Scale Mail Armor
27:06 Forging
27:00 Squires
26:46 Arson
26:25 Pikeman
31:43 Imperial Age
29:28 Husbandry
29:42 Bloodlines
30:48 Chain Mail Armor
31:22 Iron Casting
30:30 Light Cavalry
31:27 Grand Trunk Road
32:12 Scale Barding Armor
32:53 Conscription
34:41 Chemistry
33:48 Siege Engineers
35:24 Two-Man Saw
34:17 Gold Mining
34:18 Stone Mining
36:16 Gold Shaft Mining
35:05 Elite Ghulam
37:14 Fortified Wall
38:16 Blast Furnace
38:16 Hussar
39:34 Hoardings
45:41 Hand Cart
clueless
11:03 Loom
12:50 Feudal Age
15:07 Double-Bit Axe
15:05 Horse Collar
18:01 Castle Age
16:00 Gold Mining
17:15 Stone Mining
18:54 Wheelbarrow
19:25 Bow Saw
19:22 Heavy Plow
23:02 Hand Cart
26:12 Town Watch
28:31 Gold Shaft Mining
32:58 Imperial Age
31:30 Padded Archer Armor
31:21 Fletching
31:35 Scale Mail Armor
31:46 Forging
33:10 Yeomen
33:38 Ballistics
33:15 Murder Holes
33:33 Masonry
33:44 Town Patrol
35:20 Conscription
35:24 Warwolf
36:49 Two-Man Saw
35:30 Elite Longbowman
37:35 Bodkin Arrow
38:57 Chemistry
38:12 Fortified Wall
40:59 Leather Archer Armor
40:45 Bracer
41:21 Iron Casting
41:02 Chain Mail Armor
44:02 Pikeman
44:28 Arson
44:44 Squires
46:51 Halberdier
50:04 Blast Furnace
50:39 Plate Mail Armor
50:40 Ring Archer Armor
52:34 Man-at-Arms
53:00 Gambesons
54:09 Long Swordsman
55:46 Two-Handed Swordsman
57:08 Champion
63:39 Caravan
kundan
10:59 Feudal Age
15:59 Castle Age
14:33 Double-Bit Axe
20:47 Wheelbarrow
24:22 Bow Saw
24:38 Hand Cart
27:18 Gold Mining
30:35 Imperial Age
29:07 Gold Shaft Mining
28:51 Husbandry
29:31 Scale Barding Armor
29:37 Forging
31:03 Chain Barding Armor
32:28 Iron Casting
31:24 Cavalier
32:10 Chivalry
33:07 Paladin
34:57 Blast Furnace
34:33 Plate Barding Armor
45:49 Caravan
59:19 Squires
58:40 Pikeman
59:36 Scale Mail Armor
63:14 Chain Mail Armor
86:03 Halberdier
87:46 Plate Mail Armor
Connection lost

Rejoining the realm…

Still unreachable

The connection could not be restored.

Session expired

The server has moved on; the page needs a fresh start.